 Dungeon Crawl Stone Soup version 0.29-a0-341-g24ffce5 (webtiles) character file.

Game seed: 16367290327595247108

22 Think the Skirmisher (level 2, -2/21 HPs)
             Began as an Octopode Fighter on Apr 19, 2022.
             Was a Follower of Cheibriados.
             Slain by a kobold
             ... wielding a +0 whip
              (4 damage)
             ... on level 2 of the Dungeon.
             The game lasted 00:01:10 (612 turns).

Think the Skirmisher (Octopode Fighter)              Turns: 612, Time: 00:01:11

Health: -2/21      AC:  1    Str: 17    XL:     2   Next: 91%
Magic:  2/2        EV: 13    Int: 12    God:    Cheibriados [*.....]
Gold:   20         SH:  4    Dex: 13    Spells: 1/1 levels left

rFire   . . .      SeeInvis .   a - +0 rapier
rCold   . . .      Faith    .   b - +0 buckler
rNeg    . . .      Spirit   .   (helmet restricted)
rPois   .          Reflect  .   (no amulet)
rElec   .          Harm     .   (no ring)
rCorr   .          Rampage  .   (no ring)
Will    .....                   (no ring)
Stlth   ++........              (no ring)
HPRegen 0.07/turn               (no ring)
MPRegen 0.08/turn               (no ring)
                                (no ring)
                                (no ring)

@: very slow
A: almost no armour, amphibious, 8 rings, camouflage 1, gelatinous body 1,
(nimble swimmer 1), tentacles
a: Renounce Religion, Bend Time


You were on level 2 of the Dungeon.
You worshipped Cheibriados.
Cheibriados was aware of your devotion.
You visited 1 branch of the dungeon, and saw 2 of its levels.

You collected 20 gold pieces.

Inventory:

Hand Weapons
 a - a +0 rapier (weapon)
Armour
 b - a +0 buckler (worn)
Jewellery
 g - a ring of ice
Scrolls
 e - a scroll of identify {unknown}
 f - 2 scrolls of amnesia {unknown}
Potions
 c - a potion of might
 d - a potion of resistance {unknown}
 h - a potion of curing {unknown}


   Skills:
 - Level 3.2 Fighting
 + Level 2.6 Short Blades
 - Level 3.2 Dodging
 - Level 3.1 Shields


You had one spell level left.
You didn't know any spells.
Your spell library was empty.

Dungeon Overview and Level Annotations

Branches:
Dungeon (2/15)

Altars:
Cheibriados


Innate Abilities, Weirdness & Mutations

You cannot wear most types of armour.
You are amphibious.
You can wear up to eight rings at the same time.
Your skin changes colour to match your surroundings (Stealth+).
Your rubbery body absorbs attacks. (AC +1, EV +1)
((You are camouflaged when in or above water. (Stealth+)))
You have tentacles for arms and can constrict up to eight enemies at once.


Message History

No target in view!
No target in view!
No target in view!
No target in view!
No target in view!
There is a faded altar of an unknown god here.
You cannot tell which god this altar belongs to.
Convert to them anyway?
Cheibriados accepts your prayer! Cheibriados welcomes you!
Cheibriados begins to support your attributes as your movement slows.
Cheibriados is now slowing the effects of poison on you.
You can now bend time to slow others.
Cheibriados raises the support of your attributes as your movement slows.
Found a crystal plate armour.
A kobold comes into view. It is wielding a +0 whip.
A kobold is nearby!
The kobold shouts!
The kobold misses you. You block the kobold's attack.
The kobold hits you with a +0 whip. The kobold hits you but does no damage.
You block the kobold's attack. The kobold hits you with a +0 whip.
You block the kobold's attack. The kobold hits you with a +0 whip.
The kobold closely misses you. The kobold misses you.
The kobold hits you with a +0 whip. The kobold hits you with a +0 whip.
* * * LOW HITPOINT WARNING * * *
The kobold closely misses you. The kobold hits you with a +0 whip.
* * * LOW HITPOINT WARNING * * *
The kobold misses you. The kobold barely misses you.
You block the kobold's attack. The kobold completely misses you.
The kobold barely misses you. The kobold hits you with a +0 whip.
You die...

#...# #...#
##########... ## #...
.......######
♣≈.≈≈..###.##........
.≈≈.≈.≈.##........###
♣≈≈≈≈##.............#
♣≈.K≈#.....#####
≈.#.≈≈@##.##.....## #.
.≈≈≈≈≈≈≈...#..#.<..#
...
≈≈≈.≈#.....#.......#..#
≈≈≈≈≈≈.....#.<._.#.....
#≈≈[♣≈≈≈...#.[.....#..
≈≈≈♣..≈....#..#.<..#
###........##.)...##
#......#....#####
#.#....##....


You could see a kobold.

Vanquished Creatures
  2 dart slugs (D:1)
  A bat (D:1)
  3 goblins (D:1)
  A hobgoblin (D:1)
  2 quokkas (D:1)
  5 ball pythons (D:1)
  2 kobolds
  2 rats (D:1)
18 creatures vanquished.

Notes
Turn   | Place    | Note
-------+----------+-------------------------------------------
     0 | D:1      | Think the Octopode Fighter began the quest for the Orb.
     0 | D:1      | Reached XP level 1. HP: 16/16 MP: 1/1
    81 | D:1      | Reached XP level 2. HP: 13/21 MP: 2/2
   568 | D:2      | Found a faded altar of an unknown god.
   574 | D:2      | Prayed at the altar of an unknown god.
   574 | D:2      | Became a worshipper of Cheibriados the Contemplative
   574 | D:2      | Reached * piety under Cheibriados
   612 | D:2      | Slain by a kobold

Illustrated notes

Levels and vault maps discovered:
D:1:      dpeg_arrival_tiny_d, layout_rooms, minmay_tromino_mix6
D:2:      layout_loops_cross, nicolae_ecumenical_pavilion, st_stairs_3,
          chequers_serial_rivers_marsh, kennysheep_pointless_box

Action                   || total
-------------------------++-------
Melee: Rapier            ||    28
       Constrict         ||    10
       Tentacles         ||     9
 Stab: Sleeping          ||     2
Armor: Skin              ||     2
Dodge: Dodged            ||    21
Block: Buckler           ||     8

Table legend: (Time is in decaauts)
 A = Elapsed time spent in this place.
 B = Non-inter-level travel time spent in this place.
 C = Inter-level travel time spent in this place.
 D = Time resting spent in this place.
 E = Time spent auto-exploring this place.
 F = Levels seen in this place.
 G = Mean time per level.
                   A        B        C        D        E       F      G
               +--------+--------+--------+--------+--------+-----+--------+
         Total |    618 |    610 |      8 |      0 |    471 |   2 |  309.0 |
       Dungeon |    618 |    610 |      8 |      0 |    471 |   2 |  309.0 |
               +--------+--------+--------+--------+--------+-----+--------+

Top non-repeatable levels by time:
     D:1: 571 daAuts
     D:2: 47 daAuts
